 Dungeon Crawl Stone Soup version 0.30.0-29-ga12c61a403 (webtiles) character file.

Game seed: 10354050374181129918

58 croobank the Sneak (level 4, -3/31 HPs)
             Began as an Octopode Delver on June 19, 2023.
             Slain by a goblin
             ... wielding a +0 club
              (4 damage)
             ... on level 2 of the Dungeon.
             The game lasted 00:03:25 (522 turns).

croobank the Sneak (Octopode Delver)                 Turns: 522, Time: 00:03:26

Health: -3/31      AC:  1    Str: 11    XL:     4   Next: 2%
Magic:  4/4        EV: 13    Int: 14    God:
Gold:   70         SH:  0    Dex: 13    Spells: 3/3 levels left

rFire   . . .        a - +0 hand axe
rCold   . . .        (no shield)
rNeg    . . .        (helmet restricted)
rPois   .            (no amulet)
rElec   .            h - ring of see invisible
rCorr   .            p - ring of willpower
SInv    +            (no ring)
Will    +....        (no ring)
Stlth   ++++         (no ring)
HPRegen 0.25/turn    (no ring)
MPRegen 0.09/turn    (no ring)
                     (no ring)

%: no passive effects
@: hasted, very quick
A: almost no armour, amphibious, 8 rings, camouflage 1, gelatinous body 1,
(nimble swimmer 1), tentacles
a: no special abilities


You were on level 2 of the Dungeon.
You visited 1 branch of the dungeon, and saw 7 of its levels.

You collected 70 gold pieces.

Inventory:

Hand Weapons
 a - a +0 hand axe (weapon)
Magical Staves
 m - a staff of fire
Jewellery
 h - a ring of see invisible (left tentacle)
 p - a ring of willpower (right tentacle)
Wands
 f - a wand of digging (3)
Scrolls
 b - a scroll of fog
 d - a scroll of fear
 g - a scroll of noise {unknown}
 i - a scroll of vulnerability {unknown}
 k - a scroll of identify {unknown}
 n - a scroll of blinking {unknown}
 o - a scroll of poison {unknown}
Potions
 c - a potion of brilliance {unknown}
 j - a potion of resistance {unknown}
 l - a potion of flight {unknown}


   Skills:
 + Level 3.4 Fighting
 + Level 2.6 Axes
 + Level 2.6 Dodging
 + Level 7.1 Stealth
 * Level 0.4 Spellcasting


You had 3 spell levels left.
You didn't know any spells.
Your spell library contained the following spells:

 Spells                   Type           Power      Damage    Failure   Level
 Portal Projectile        Hex/Tloc       0%         N/A       63%         3
 Tukima's Dance           Hex            0%         N/A       63%         3
 Anguish                  Hex/Necr       0%         N/A       95%         4
 Fulminant Prism          Conj/Hex       0%         3d5       95%         4
 Blade Hands              Tmut           0%         N/A       100%        5


Dungeon Overview and Level Annotations

Branches:
Dungeon (8/15)
 Temple: D:4-7         Lair: D:8-11

Altars:

Shops:
D:7 [


Innate Abilities, Weirdness & Mutations

You cannot wear most types of armour.
You are amphibious.
You can wear up to eight rings at the same time.
Your skin changes colour to match your surroundings (Stealth+).
Your rubbery body absorbs attacks. (AC +1, EV +1)
((You are camouflaged when in or above water. (Stealth+)))
You have tentacles for arms and can constrict up to eight enemies at once.


Message History

You hit the adder. Your grab misses the adder.
The adder is moderately wounded.
You hit the dart slug but do no damage. You hit the goblin but do no damage.
You constrict the dart slug.
You kill the dart slug!
You feel sick. The goblin hits you with a +0 dagger. The adder bites you.
You closely miss the adder. You grab the adder.
The adder is moderately wounded.
You hit the goblin but do no damage. You constrict the adder.
You feel sick. The adder bites you. The goblin closely misses you.
The adder misses you. The goblin hits you with a +0 dagger.
The goblin barely misses you.
You hit the adder.
The adder is severely wounded.
You hit the goblin. x2; You constrict the adder.
You feel sick. The adder completely misses you.
The goblin hits you but does no damage. The goblin hits you with a +0 club.
You hit the goblin.
You kill the goblin!
You hit the adder but do no damage. You barely miss the rat.
You hit the goblin. You constrict the adder.
You kill the adder!
You feel sick. The rat bites you.
* * * LOW HITPOINT WARNING * * *
The goblin hits you with a +0 club.
* * * LOW HITPOINT WARNING * * *
You have reached level 4!
You feel yourself speed up.
You feel sick.
You are no longer poisoned.
The rat bites you.
* * * LOW HITPOINT WARNING * * *
A hobgoblin comes into view.
The goblin hits you but does no damage.
You closely miss the rat.
The hobgoblin shouts!
You grab the rat. You hit the goblin.
You constrict the rat, but do no damage.
The rat bites you.
* * * LOW HITPOINT WARNING * * *
The goblin hits you with a +0 club.
You die...

.........
............
#..........#
###..........#
............##
#.####.............
.........#.........
.#...r@##......#
......g.)..>....#
......#..##..#.##
..#.....$##..# .
#....#.....#
###.g.##.... #...
#..g.. ..(. #g<..#.
##>#. .......#


You could see a hobgoblin, a goblin and a rat.

Vanquished Creatures
  A hound (D:5)
  An adder (D:2)
  2 ufetubi (D:5)
  A dart slug (D:2)
  An orc (D:6)
  An endoplasm (D:2)
  A goblin (D:2)
  A hobgoblin (D:4)
9 creatures vanquished.

Notes
Turn   | Place    | Note
-------+----------+-------------------------------------------
     0 | D:5      | croobank the Octopode Delver began the quest for the Orb.
     0 | D:5      | Reached XP level 1. HP: 16/16 MP: 1/1
   117 | D:8      | Noticed an orc priest
   127 | D:8      | Noticed a bullfrog
   152 | D:7      | Found Xainilag's Armour Emporium.
   152 | D:7      | Noticed an orc warrior
   152 | D:7      | Noticed a centaur
   216 | D:5      | Reached XP level 2. HP: 21/21 MP: 2/2
   306 | D:5      | Reached skill level 7 in Stealth
   306 | D:5      | Reached XP level 3. HP: 18/26 MP: 3/3
   397 | D:5      | Got the Handbook of the Lethal Evil Eye
   398 | D:5      | Noticed an ogre
   419 | D:5      | Noticed a black bear
   435 | D:5      | Noticed a phantom
   521 | D:2      | Reached XP level 4. HP: 5/31 MP: 4/4
   522 | D:2      | HP: 1/31 [rat (1)]
   522 | D:2      | Slain by a goblin

Illustrated notes

Levels and vault maps discovered:
D:2:      layout_rooms, dk_vineyard_3
D:3:      minmay_diamond_boxcup, layout_loops_cross, minivault_26,
          grunt_decor_cap, chequers_serial_rivers_micro_c
D:4:      layout_basic, gammafunk_ghost_icy, minmay_quantized
D:5:      layout_rooms, kennysheep_boxes, uniq_sigmund
D:6:      layout_loops_ring, minmay_temple_entry_waves, uniq_eustachio
D:7:      layout_basic, grunt_temple_overflow_open, serial_shops,
          nicolae_shop_tiny_statue_garden, minmay_misc_feat_nine_boxes,
          minmay_crystal_room, uniq_prince_ribbit1, uniq_pikel, uniq_maggie
D:8:      layout_basic, gammafunk_ghost_hydra_chop

Skill      XL: |  1  2 |
---------------+-------+-----
Stealth        | 7 |  7.1
Fighting       | |  3.4
Axes           | |  2.6
Dodging        | |  2.6
Spellcasting   | |  0.4

Action                     |  1- 3 |  4- 6 || total
---------------------------+-------+-------++-------
  Melee: Hand axe          |    23 |     1 ||    24
         Constrict         |     4 |     1 ||     5
         Tentacles         |     1 |       ||     1
    Use: Potion            |     1 |     1 ||     2
         Scroll            |     1 |       ||     1
   Stab: Sleeping          |     4 |       ||     4
 Armour: Skin              |     1 |     1 ||     2
  Dodge: Dodged            |    23 |       ||    23
